 Dungeon Crawl Stone Soup version 0.21-a0-581-gb7d493ddfc (webtiles) character file.

63 Banto the Caller (level 3, -2/42 HPs)
             Began as a Demigod Wanderer on Dec 19, 2017.
             Slain by Crazy Yiuf
             ... wielding a +3 quarterstaff of chaos
              (14 damage)
             ... on level 2 of the Dungeon.
             The game lasted 00:01:52 (1971 turns).

Banto the Caller (Demigod Wanderer)                 Turns: 1971, Time: 00:01:53

Health: -2/42      AC:  2    Str: 24    XL:     3   Next: 61%
Magic:  2/8        EV: 11    Int: 19    God:
Gold:   91         SH:  0    Dex: 13    Spells: 5/6 levels left

rFire    . . .     SeeInvis .   h - +1 mace (drain)
rCold    . . .     Gourm    .   (no shield)
rNeg     . . .     Faith    .   e - +0 robe
rPois    .         Spirit   .   (no helmet)
rElec    .         Reflect  .   (no cloak)
rCorr    .         Harm     .   (no gloves)
MR       .....                  (no boots)
Stlth    ..........             (no amulet)
HPRegen  0.14/turn              g - +3 ring of strength
MPRegen  0.11/turn              (no ring)

@: berserking, very slightly contaminated, very quick
A: high mp 1
a: no special abilities


You were on level 2 of the Dungeon.
You were hungry.

You visited 1 branch of the dungeon, and saw 2 of its levels.

You collected 91 gold pieces.

Inventory:

Hand Weapons
 a - a +2 dagger
 h - a +1 mace of draining (weapon)
Armour
 e - a +0 robe (worn)
 n - a +0 pair of gloves
Jewellery
 g - a +3 ring of strength (left hand)
 r - an uncursed ring of fire {unknown}
 s - an uncursed amulet of magic regeneration {unknown}
Wands
 d - a wand of random effects (15)
Scrolls
 j - a scroll of teleportation {unknown}
 k - a scroll of blinking {unknown}
 o - 3 scrolls of identify {unknown}
 q - a scroll of amnesia {unknown}
Potions
 b - 3 potions of heal wounds
 i - 2 potions of berserk rage {unknown}
 l - a potion of haste {unknown}
 m - a potion of lignification {unknown}
 p - a potion of cancellation {unknown}
Books
 c - the Grimoire of Toxins

   Spells                             Type                      Level
   a - Sting                          Conjuration/Poison           1
   b - Spider Form                    Transmutation/Poison         3
Comestibles
 f - 3 rations


   Skills:
 - Level 1.0 Fighting
 - Level 2.1 Armour
 - Level 1.0 Stealth
 - Level 2.0 Spellcasting
 + Level 1.5 Conjurations
   Level 2.6 Summonings
   Level 1.7 Fire Magic
 - Level 1.0 Evocations


You had 5 spell levels left.
You knew the following spells:

 Your Spells              Type           Power        Failure   Level  Hunger
a - Sting                 Conj/Pois      #...         12%         1    #......


Dungeon Overview and Level Annotations

Branches:
Dungeon (2/15)

Annotations:
D:2 Crazy Yiuf


Innate Abilities, Weirdness & Mutations

You have an increased reservoir of magic. (+10% MP)


Message History

Press: ? - help, Shift-Dir - straight line, f/p - Crazy Yiuf
Aim: Crazy Yiuf, wielding a quarterstaff of chaos, wearing an embroidered cloak and carrying a wand of flame (14) (lightly wounded)
The sting hits Crazy Yiuf.
Crazy Yiuf appears unharmed.
Crazy Yiuf is lightly wounded.
You now have 3/8 mp.
Casting: Sting
Confirm with . or Enter, or press ? or * to list all spells.
Aiming: Sting
Press: ? - help, Shift-Dir - straight line, f/p - Crazy Yiuf
Aim: Crazy Yiuf, wielding a quarterstaff of chaos, wearing an embroidered cloak and carrying a wand of flame (14) (lightly wounded)
You miscast Sting.
You smell something strange.
You now have 2/8 mp.
You hit Crazy Yiuf.
Crazy Yiuf is heavily wounded.
Crazy Yiuf hits you with a quarterstaff of chaos!
* * * LOW HITPOINT WARNING * * *
A red film seems to cover your vision as you go berserk!
You feel yourself moving faster!
You feel mighty!
Crazy Yiuf hits you with a quarterstaff of chaos!
You die...

##.## #'# #......#
#. ##...## ♣♣.♣
#......# #. #
#.###.### ♣g♣♣
####.### ##' ## #.#
#...# ♣♣.♣ #.# ##..
.###.###.#.# ♣.♣♣
####.# ##...
..###....#.# ♣♣.♣♣
#.##.###....
...####.<..# ♣...♣♣
#...........
...+.......# ♣..g.♣
#..........(
)..#.......# #..@.#
#..#.##.....
..##.###.#.#
##..#####.##.##.....
.###.###...#
#...#.......##.#...
## #.......#
##.##.##.#####.##..
# #####.###
#....##.#####.###'
#.#
####.##........##.
#.# #.######.##.##.
########.# #.#
#.##.##. .........#
#.# #.##.#..


You could see Crazy Yiuf.

Vanquished Creatures
  An adder (D:2)
  2 oozes
  A worm (D:2)
  2 dart slugs (D:1)
  A leopard gecko (D:1)
  An orc (D:2)
  2 giant cockroaches
  3 hobgoblins
  3 jackals (D:1)
  4 bats
  4 frilled lizards
  6 goblins
  4 kobolds
  4 rats (D:1)
38 creatures vanquished.

Notes
Turn   | Place    | Note
-------+----------+-------------------------------------------
     0 | D:1      | Banto the Demigod Wanderer began the quest for the Orb.
     0 | D:1      | Banto set off with: a +2 dagger, a potion of heal wounds, the Grimoire of Toxins, a wand of random effects (15), a +0 robe, a ration
     0 | D:1      | Reached XP level 1. HP: 16/16 MP: 3/3
     0 | D:1      | Identified the Grimoire of Toxins
   128 | D:1      | Reached XP level 2. HP: 15/23 MP: 3/5
   149 | D:1      | Reached skill level 1 in Spellcasting
   378 | D:1      | Learned a level 1 spell: Sting
   646 | D:2      | Found a snail-covered altar of Cheibriados.
   654 | D:2      | Found a sacrificial altar of Ru.
   751 | D:2      | Reached XP level 3. HP: 21/28 MP: 8/8
  1320 | D:2      | Reached skill level 1 in Conjurations
  1546 | D:2      | Found a runed door.
  1956 | D:2      | Noticed Crazy Yiuf
  1971 | D:2      | Slain by Crazy Yiuf

Vault maps used:
D:1:      dpeg_arrival_concentric_ovals
D:2:      nicolae_overflow_crystal_walls, nicolae_ru_the_path_less_chosen,
          uniq_crazy_yiuf_cottage

Skill      XL: |  1  2  3 |
---------------+----------+-----
Armour         | 2 |  2.1
Spellcasting   | 1 2 |  2.0
Conjurations   | 1 |  1.5
Fighting       | |  1.0
Stealth        | |  1.0
Summonings     | |  2.6
Fire Magic     | |  1.7
Evocations     | |  1.0

Action                   || total
-------------------------++-------
Melee: Mace              ||    71
       Dagger            ||     1
 Cast: Sting             ||    22
 Stab: Sleeping          ||     6
  Eat: Chunk             ||     3
Armor: Robe              ||     8
Dodge: Dodged            ||    45

Table legend:
 A = Spawn XP
 B = Non-spawn XP
 C = Spawn XP percentage of total XP
 D = Spawn monster count
 E = Non-spawn monster count
 F = Spawn count percentage of total count
 G = Total turns spent on level
                    A         B        C        D         E        F      G
               +---------+---------+-------+---------+---------+-------+---------
         Total |       0 |      90 |   0.0 |       0 |      38 |   0.0 |  1971
               +---------+---------+-------+---------+---------+-------+---------
           D:1 |       0 |      45 |   0.0 |       0 |      22 |   0.0 |   643
           D:2 |       0 |      45 |   0.0 |       0 |      16 |   0.0 |  1328
               +---------+---------+-------+---------+---------+-------+---------

Table legend:
 A = Turns spent in this place as a percentage of turns spent in the entire game.
 B = Non-inter-level travel turns spent in this place as a percentage of non-inter-level travel turns spent in the entire game.
 C = Inter-level travel turns spent in this place as a percentage of turns spent in this place.
 D = Turns resting spent in this place as a percentage of non-inter-level travel turns spent in this place.
 E = Turns spent auto-exploring this place as a percentage of non-inter-level travel turns spent in this place.
 F = Non-inter-level travel turns spent in this place divided by the number of levels of this place that you've seen.
                   A       B       C       D       E      F
               +-------+-------+-------+-------+-------+----------------------
         Total | 100.0 | 100.0 |   1.5 |  24.9 |  59.9 | 971.0
       Dungeon | 100.0 | 100.0 |   1.5 |  24.9 |  59.9 | 971.0
               +-------+-------+-------+-------+-------+----------------------

Table legend:
 A = Kills in this place as a percentage of kills in entire the game.
 B = Kills by you in this place as a percentage of kills by you in the entire game.
 C = Kills by friends in this place as a percentage of kills by friends in the entire game.
 D = Other kills in this place as a percentage of other kills in the entire game.
 E = Experience gained in this place as a percentage of experience gained in the entire game.
 F = Experience gained in this place divided by the number of levels of this place that you have seen.
                   A       B       C       D       E      F
               +-------+-------+-------+-------+-------+----------------------
         Total | 100.0 | 100.0 |   N/A |   N/A | 100.0 |  45.0
       Dungeon | 100.0 | 100.0 |   N/A |   N/A | 100.0 |  45.0
               +-------+-------+-------+-------+-------+----------------------
